 Dungeon Crawl Stone Soup version 0.31-a0-963-ga325b2283a (webtiles) character file.

Game seed: 8157984639339208059

12654 Xavori the Covert (level 11, 0/58 HPs)
             Began as a Vine Stalker Chaos Knight on Oct 26, 2023.
             Was a Plaything of Xom.
             Succumbed to a black mamba's poison
             ... on level 2 of the Lair of Beasts.
             The game lasted 00:14:43 (10373 turns).

Xavori the Covert (Vine Stalker Chaos Knight)      Turns: 10373, Time: 00:14:43

Health: 0/58       AC: 17    Str: 14    XL:     11   Next: 96%
Magic:  22/22      EV: 14    Int: 16    God:    Xom [.*....]
Gold:   839        SH: 10    Dex: 17    Spells: 24/24 levels left

rFire   . . .        i - +0 short sword (freeze)
rCold   + + .        F - +0 buckler
rNeg    . . .        b - +2 leather armour
rPois   .            (helmet restricted)
rElec   .            G - +0 cloak
rCorr   .            x - +2 pair of gloves {hurl}
SInv    .            (no boots)
Will    +....        q - amulet of reflection
Stlth   +++++        n - +4 ring of protection
HPRegen 1.09/turn    t - ring of protection from cold
MPRegen 0.18/turn

%: reflection, guardian spirit
@: lethally poisoned (0 -> -3)
A: fangs 3, regeneration 1, magic shield, antimagic bite, no potion heal 2,
antennae 1, claws 1, iridescent scales 2, clever 1, cold resistance 1, deformed
body, shaggy fur 1, noise suppression
a: Renounce Religion


You were on level 2 of the Lair of Beasts.
You worshipped Xom.
You were a plaything of Xom.
You visited 3 branches of the dungeon, and saw 13 of its levels.
You also visited: Bailey.

You collected 839 gold pieces.

Inventory:

Hand Weapons
 i - a +0 short sword of freezing (weapon)
Missiles
 s - a throwing net
Armour
 b - a +2 leather armour (worn)
 x - a +2 pair of gloves of hurling (worn)
 z - +0 acid dragon scales
 D - a +0 helmet of see invisible
 F - a +0 buckler (worn)
 G - a +0 cloak (worn)
Jewellery
 d - a ring of ice
 n - a +4 ring of protection (left hand)
 q - an amulet of reflection (around neck)
 t - a ring of protection from cold (right hand)
 H - a ring of ice
Wands
 w - a wand of polymorph (9)
 y - a wand of charming (16)
 B - a wand of roots (11)
 K - a wand of light (6)
Scrolls
 c - a scroll of butterflies
 e - a scroll of enchant weapon
 f - a scroll of immolation
 g - a scroll of brand weapon
 j - 7 scrolls of teleportation
 k - 4 scrolls of poison
 o - 3 scrolls of blinking
 p - 2 scrolls of fog
 r - 4 scrolls of revelation
 u - a scroll of noise
 C - 4 scrolls of identify
 E - a scroll of fear
 I - a scroll of vulnerability
Potions
 a - a potion of heal wounds {unknown}
 h - 2 potions of curing
 l - 2 potions of enlightenment {unknown}
 m - 2 potions of mutation {unknown}
 v - a potion of attraction {unknown}
 A - a potion of lignification {unknown}
 J - a potion of cancellation {unknown}


   Skills:
 + Level 6.5 Fighting
 + Level 6.5 Short Blades
 + Level 5.6 Armour
 + Level 5.3 Dodging
 * Level 11.9 Stealth
 + Level 1.6 Shields
 + Level 7.2 Spellcasting
 - Level 6.1 Evocations


You had 24 spell levels left.
You didn't know any spells.
Your spell library contained the following spells:

 Spells                   Type           Power      Damage    Failure   Level
 Freeze                   Ice            20%        1d4       21%         1
 Slow                     Hex            20%        N/A       21%         1
 Cigotuvi's Dreadful Rot  Necr/Pois/Air  10%        N/A       30%         2
 Ensorcelled Hibernation  Hex/Ice        10%        N/A       30%         2
 Passwall                 Tmut/Erth      4%         N/A       30%         2
 Scorch                   Fire           10%        2d5       30%         2
 Sublimation of Blood     Necr           5%         N/A       30%         2
 Wereblood                Tmut           5%         N/A       30%         2
 Dazzling Flash           Conj/Hex       10%        N/A       52%         3
 Frozen Ramparts          Ice            10%        1d2       52%         3
 Hailstorm                Conj/Ice       5%         3d4       52%         3
 Swiftness                Air            5%         N/A       52%         3
 Dispel Undead            Necr           5%         3d7       90%         4
 Flame Wave               Conj/Fire      5%         2d5       90%         4
 Agony                    Necr           5%         N/A       99%         5
 Silence                  Hex/Air        2%         N/A       99%         5
 Death Channel            Necr           2%         N/A       100%        6
 Summon Cactus Giant      Summ           2%         N/A       100%        6
 Summon Hydra             Summ           2%         N/A       100%        7


Dungeon Overview and Level Annotations

Branches:
Dungeon (10/15)            Temple (0/1) D:7            Lair (1/5) D:8
    Orc (1/2) D:9          Bailey (visited)

Altars:
Cheibriados
Hepliaklqana
Kikubaaqudgha
Nemelex Xobeh
Sif Muna
Trog
Uskayaw
Wu Jian
Xom
Yredelemnul
The Shining One

Shops:
D:5 [

Portals:
Gauntlet: Lair:2


Innate Abilities, Weirdness & Mutations

You have razor-sharp teeth.
Your natural rate of healing is unusually fast.
When hurt, damage is shared between your health and your magic reserves.
Your bite disrupts and absorbs the magic of your enemies.
Potions cannot restore your health.
You have a pair of small antennae on your head.
You have sharp fingernails.
You are mostly covered in iridescent scales. (AC +4)
Your mind is acute. (Int +4, Str/Dex -1)
Your flesh is cold resistant. (rC+)
Armour fits poorly on your strangely shaped body.
You are covered in fur. (AC +1)
You passively dampen the noise of your surroundings.


Message History

The bullfrog releases a deep croak.
You block the bullfrog's attack. The black mamba misses you.
You barely miss the black mamba. Your bite misses the black mamba.
The black mamba is severely wounded.
You feel very sick. The bullfrog closely misses you. The black mamba bites you!
* * * LOW HITPOINT WARNING * * *
You hit the black mamba. You freeze the black mamba.
The black mamba is almost dead.
You feel sick. The black mamba barely misses you. The bullfrog misses you.
The black mamba bites you.
* * * LOW HITPOINT WARNING * * *
You are lethally poisoned!
The black mamba poisons you!
You closely miss the black mamba. You bite the black mamba.
You kill the black mamba!
* * * LOW HITPOINT WARNING * * *
You feel very sick. The bullfrog closely misses you.
* * * LOW HITPOINT WARNING * * *
You feel very sick.
The bullfrog hits you but does no damage.
You miss the bullfrog. Your bite misses the bullfrog.
* * * LOW HITPOINT WARNING * * *
You feel sick.
The bullfrog hits you but does no damage.
You hit the bullfrog. You freeze the bullfrog.
The bullfrog is moderately wounded.
* * * LOW HITPOINT WARNING * * *
You feel very sick. You block the bullfrog's attack.
You hit the bullfrog.
The bullfrog seems to slow down.
You freeze the bullfrog. You bite the bullfrog. You drain its power.
You feel invigorated.
The bullfrog is severely wounded.
* * * LOW HITPOINT WARNING * * *
You feel sick.
You miss the bullfrog. You bite the bullfrog!
You kill the bullfrog!
You die...
Xom chortles!

......!
.?......##
#........###
..........P#
#.........##
#..........#
...........##
............#
.......@∩..P#
...........##
............#
............#
.............#
.....>.........
................
................


There were no monsters in sight!

Vanquished Creatures
  Fannar (D:9)
  Josephine (Orc:1)
  Erica (D:9)
  A two-headed ogre (D:10)
  An orc knight (Bailey)
  A black mamba (Lair:2)
  Maggie (D:6)
  Psyche (D:9)
  2 trolls
  Sigmund (D:6)
  3 wraiths
  A wyvern (D:9)
  Eustachio (D:6)
  12 yaks
  3 steam dragons
  Menkaure (D:5)
  2 water moccasins (Lair:1)
  9 orc warriors
  An ice beast (D:7)
  3 sky beasts
  4 ogres
  2 centaurs
  A phantom (D:5)
  A kobold brigand (D:9)
  6 bullfrogs
  A scorpion (D:6)
  14 wights
  7 killer bees
  A howler monkey (D:8)
  A lava snake (D:7)
  2 hounds
  12 orc priests
  A sleepcap (D:4)
  5 iguanas
  13 orc wizards
  6 gnolls
  6 adders
  2 white imps
  2 ufetubi (D:7)
  A worm (D:4)
  6 dart slugs
  52 orcs
  6 bats
  5 endoplasms
  2 giant cockroaches (D:1)
  5 goblins
  10 hobgoblins
  5 jackals
  12 kobolds
  3 quokkas
  10 ball pythons
  A frilled lizard (D:2)
  6 rats
258 creatures vanquished.

Vanquished Creatures (collateral kills)
  An orc knight (Bailey)
  A yak (D:10)
  A phantom (D:4)
  A gnoll sergeant (D:10)
  A howler monkey (D:4)
  2 orcs (D:4)
  A ball python (D:3)
8 creatures vanquished.

Vanquished Creatures (others)
  A dancing weapon (Bailey)
  A sky beast (D:7)
  An orc priest (Orc:1)
  A gnoll (D:10)
  An orc (D:10)
5 creatures vanquished.

Grand Total: 271 creatures vanquished

Notes
Turn   | Place    | Note
-------+----------+-------------------------------------------
     0 | D:1      | Xavori the Vine Stalker Chaos Knight began the quest for
                  | the Orb.
     0 | D:1      | Reached XP level 1. HP: 11/11 MP: 2/2
    54 | D:1      | Reached skill level 1 in Stealth
    54 | D:1      | Reached XP level 2. HP: 16/16 MP: 3/3
    70 | D:1      | Reached skill level 1 in Dodging
   284 | D:1      | Reached XP level 3. HP: 19/19 MP: 4/4
   301 | D:1      | Reached skill level 2 in Stealth
   637 | D:1      | Found a faded altar of an unknown god.
   643 | D:1      | Got Plato's Cyclopedia of Glamour
   682 | D:1      | XOM: god gift: plate armour {god gift}
   883 | D:1      | XOM: scenery: create altars
  1197 | D:1      | XOM: silly message
  1665 | D:1      | XOM: divination: magic mapping
  1936 | D:1      | XOM: silly message
  2013 | D:1      | XOM: silly message
  2078 | D:1      | XOM: give mutations
  2078 | D:1      | Gained mutation: You are strong-willed. (Will+) [Xom's
                  | mischief]
  2078 | D:1      | Lost mutation: You are strong-willed. (Will+) [Xom's
                  | mischief]
  2078 | D:1      | Gained mutation: Your system is resistant to poisons.
                  | (rPois) [Xom's mischief]
  2376 | D:1      | XOM: give mutations
  2376 | D:1      | Gained mutation: You are partially covered in iridescent
                  | scales. (AC +2) [Xom's mischief]
  2376 | D:1      | Gained mutation: Armour fits poorly on your strangely
                  | shaped body. [Xom's mischief]
  2376 | D:1      | Lost mutation: Armour fits poorly on your strangely shaped
                  | body. [Xom's mischief]
  2376 | D:1      | Gained mutation: Your spells are a little harder to cast,
                  | but a little more powerful. [Xom's mischief]
  2452 | D:2      | XOM: give mutations
  2452 | D:2      | Gained mutation: Your flesh is cold resistant. (rC+) [Xom's
                  | grace]
  2452 | D:2      | Gained mutation: You have large cloven feet. [Xom's grace]
  2452 | D:2      | Gained mutation: You expend magic power (3 MP) to
                  | strengthen your wands. [Xom's grace]
  2488 | D:2      | XOM: cloud trail
  2497 | D:2      | Reached XP level 4. HP: 24/24 MP: 5/5
  2814 | D:3      | XOM: chaos upgrade
  2818 | D:3      | XOM: 2-stop teleportation journey
  2825 | D:3      | Reached skill level 3 in Stealth
  2834 | D:3      | Xom revived you
  2888 | D:3      | Reached XP level 5. HP: 21/28 MP: 4/6
  3127 | D:3      | XOM: noise
  3134 | D:3      | Reached skill level 4 in Stealth
  3597 | D:4      | Reached XP level 6. HP: 32/32 MP: 7/7
  3655 | D:4      | Found a glowing golden altar of the Shining One.
  3677 | D:4      | XOM: scenery: summon butterflies
  3851 | D:4      | XOM: god gift: scroll labelled LIWKOJ QOAJUPO {god gift}
  4099 | D:4      | XOM: summons 4 friendly demons
  4130 | D:4      | Reached skill level 5 in Stealth
  4201 | D:4      | XOM: give mutations
  4201 | D:4      | Gained mutation: You are mostly covered in iridescent
                  | scales. (AC +4) [Xom's grace]
  4201 | D:4      | Gained mutation: You are covered in fur. (AC +1) [Xom's
                  | grace]
  4350 | D:4      | XOM: god gift: 21 gold pieces
  4371 | D:4      | Reached XP level 7. HP: 37/37 MP: 8/8
  4454 | D:5      | Entered Level 5 of the Dungeon
  4454 | D:5      | Found Edug's Armour Boutique.
  4660 | D:5      | Found a sparkling altar of Nemelex Xobeh.
  4661 | D:5      | Found an ancient bone altar of Kikubaaqudgha.
  4739 | D:5      | Noticed Menkaure
  4742 | D:5      | XOM: divination: detect creatures
  4750 | D:5      | XOM: confuse monster(s)
  4750 | D:5      | Killed Menkaure
  4751 | D:5      | Reached skill level 6 in Stealth
  4905 | D:6      | Noticed Eustachio
  4909 | D:6      | XOM: cast spell 'Cause Fear'
  4915 | D:6      | XOM: potion effect (berserk rage)
  4917 | D:6      | XOM: noise
  4921 | D:6      | Killed Eustachio
  4922 | D:6      | Gained mutation: You have razor-sharp teeth. [Vine Stalker
                  | growth]
  4922 | D:6      | Reached XP level 8. HP: 42/42 MP: 9/9
  4974 | D:6      | Noticed Maggie
  4991 | D:6      | XOM: scenery: create altars
  5009 | D:6      | Killed Maggie
  5010 | D:6      | Reached skill level 7 in Stealth
  5010 | D:6      | Reached skill level 1 in Spellcasting
  5010 | D:6      | Reached skill level 1 in Evocations
  5038 | D:6      | Found a snail-covered altar of Cheibriados.
  5246 | D:6      | XOM: cast spell 'Death Channel'
  5249 | D:6      | XOM: give mutations
  5249 | D:6      | Gained mutation: Your mind is acute. (Int +4, Str/Dex -1)
                  | [Xom's grace]
  5249 | D:6      | Gained mutation: Your mind is very acute. (Int +8, Str/Dex
                  | -2) [Xom's grace]
  5256 | D:6      | Found a hide-covered altar of Uskayaw.
  5286 | D:6      | Noticed Sigmund
  5305 | D:6      | XOM: give mutations
  5305 | D:6      | Gained mutation: You have a pair of small antennae on your
                  | head. [Xom's grace]
  5305 | D:6      | Gained mutation: You heal very quickly. [Xom's grace]
  5305 | D:6      | Gained mutation: You passively dampen the noise of your
                  | surroundings. [Xom's grace]
  5307 | D:6      | Killed Sigmund
  5372 | D:6      | Reached XP level 9. HP: 46/46 MP: 13/13
  5373 | D:6      | XOM: god gift: +2 pair of gloves of hurling
  5421 | D:6      | Found a bloodstained altar of Trog.
  5453 | D:6      | Found an ornate altar of the Wu Jian Council.
  5487 | D:6      | XOM: god gift: chain mail {god gift}
  5650 | D:6      | Reached skill level 8 in Stealth
  6050 | D:7      | Reached skill level 5 in Fighting
  6082 | D:7      | Reached skill level 5 in Short Blades
  6114 | D:7      | Found a shimmering blue altar of Sif Muna.
  6202 | D:7      | Found a staircase to the Ecumenical Temple.
  6215 | D:7      | XOM: swap monsters
  6217 | D:7      | XOM: swap monsters
  6282 | D:7      | Found a flagged portal.
  6291 | Bailey   | Entered a bailey
  6462 | Bailey   | Noticed an orc knight
  6462 | Bailey   | Noticed an orc knight
  6473 | Bailey   | XOM: cast spell 'Monstrous Menagerie'
  6479 | Bailey   | Killed an orc knight
  6480 | Bailey   | Reached skill level 9 in Stealth
  6480 | Bailey   | Reached XP level 10. HP: 51/51 MP: 17/17
  6515 | Bailey   | Killed an orc knight
  6696 | Bailey   | XOM: give mutations
  6696 | Bailey   | Lost mutation: Your system is resistant to poisons. (rPois)
                  | [Xom's mischief]
  6696 | Bailey   | Lost mutation: You have large cloven feet. [Xom's mischief]
  6696 | Bailey   | Lost mutation: Your mind is very acute. (Int +8, Str/Dex
                  | -2) [Xom's mischief]
  6696 | Bailey   | Lost mutation: Your spells are a little harder to cast, but
                  | a little more powerful. [Xom's mischief]
  6697 | Bailey   | Identified the +0 storm dragon scales of the Hall of Blades
                  | {rElec rPois rF++ Dex+3}
  6707 | Bailey   | XOM: scenery: 2 fountains blood, 2 doors close
  6856 | D:7      | XOM: noise
  7040 | D:7      | Reached skill level 5 in Spellcasting
  7429 | D:8      | XOM: give mutations
  7429 | D:8      | Lost mutation: You heal very quickly. [Xom's mischief]
  7429 | D:8      | Gained mutation: You have sharp fingernails. [Xom's
                  | mischief]
  7429 | D:8      | Lost mutation: You expend magic power (3 MP) to strengthen
                  | your wands. [Xom's mischief]
  7429 | D:8      | Gained mutation: Armour fits poorly on your strangely
                  | shaped body. [Xom's mischief]
  7454 | D:8      | XOM: 1-stop teleportation journey
  7581 | D:8      | Found a staircase to the Lair.
  7663 | D:8      | XOM: smoke on damage
  7970 | D:9      | XOM: confuse monster(s)
  7971 | D:9      | XOM: blink monster(s)
  7981 | D:9      | Reached skill level 10 in Stealth
  7985 | D:9      | XOM: blink monster(s)
  7997 | D:9      | Reached skill level 5 in Evocations
  8033 | D:9      | XOM: 5-stop teleportation journey
  8102 | D:9      | Found a staircase to the Orcish Mines.
  8116 | D:9      | XOM: summons 2 hostile demons
  8163 | D:9      | XOM: noise
  8290 | D:9      | XOM: swap monsters
  8361 | D:9      | XOM: divination: detect items
  8385 | D:9      | Noticed Psyche
  8416 | D:9      | Killed Psyche
  8417 | D:9      | Reached XP level 11. HP: 43/54 MP: 18/21
  8547 | D:9      | XOM: god gift: inky potion {god gift}
  8585 | D:9      | Found a basalt altar of Yredelemnul.
  8675 | D:10     | Entered Level 10 of the Dungeon
  8743 | D:10     | XOM: cast spell 'Call Canine Familiar'
  8745 | D:10     | XOM: destruction
  8749 | D:10     | XOM: smoke on damage
  8766 | D:10     | HP: 1/56 [poisoned by a gnoll sergeant]
  9075 | D:10     | XOM: cast spell 'Summon Hydra'
  9083 | D:10     | Reached skill level 5 in Armour
  9102 | D:10     | XOM: summons 4 friendly demons
  9191 | D:10     | Found a hazy altar of Hepliaklqana.
  9246 | D:10     | XOM: scenery: create altars
  9263 | D:10     | XOM: divination: detect items
  9267 | D:10     | XOM: cast spell 'Alistair's Intoxication'
  9271 | D:10     | XOM: cast spell 'Summon Mana Viper'
  9294 | D:10     | XOM: noise
  9355 | D:10     | XOM: silly message
  9357 | D:10     | Reached skill level 11 in Stealth
  9524 | D:10     | XOM: smoke on damage
  9712 | D:10     | XOM: silly message
  9729 | D:10     | Noticed a two-headed ogre
  9733 | D:10     | Killed a two-headed ogre
  9734 | D:10     | Reached skill level 5 in Dodging
  9777 | D:10     | XOM: silly message
  9894 | Orc:1    | Entered Level 1 of the Orcish Mines
  9894 | Orc:1    | Noticed Fannar
  9899 | Orc:1    | Noticed Josephine
  9900 | Orc:1    | XOM: potion effect (haste)
  9955 | D:9      | Killed Fannar
  9960 | Orc:1    | XOM: scenery: summon butterflies
  9961 | Orc:1    | XOM: destruction
  9964 | Orc:1    | XOM: fake destruction
  9971 | Orc:1    | XOM: summons 3 friendly demons
  9974 | Orc:1    | Killed Josephine
  9975 | Orc:1    | Reached skill level 1 in Shields
  9976 | Orc:1    | Noticed Erica
  9986 | Orc:1    | XOM: cleaving
 10006 | D:9      | XOM: confuse monster(s)
 10075 | D:9      | Killed Erica
 10213 | Lair:1   | Entered Level 1 of the Lair of Beasts
 10341 | Lair:1   | You fall into a shaft and drop 1 floor!
 10341 | Lair:2   | Found a gate leading to a gauntlet.
 10353 | Lair:2   | XOM: noise
 10372 | Lair:2   | HP: 2/58 [poisoned by a black mamba]
 10373 | Lair:2   | Succumbed to a black mamba's poison

Illustrated notes

Levels and vault maps discovered:
D:1:      lemuel_arrival_room, layout_basic, shapermc_ecumenical_altar_rom_forum
D:2:      layout_basic
D:3:      layout_loops_ring, hangedman_decor_push
D:4:      layout_basic, tso_metal_star
D:5:      layout_rooms, chequers_temple_overflow_statue_of_worship,
          serial_shops, shop, kennysheep_generic_room_6, uniq_menkaure
D:6:      layout_cave_pods, amcnicky_altar_gilded, kennysheep_slug_shrine,
          mainiacjoe_overflow_two_lobes, uniq_sigmund, uniq_eustachio,
          uniq_maggie
D:7:      layout_rooms, kennysheep_orc_sif_temple, kennysheep_okawaru_gauntlet,
          minmay_temple_entry_slanted, enter_bailey_8, kennysheep_diamond,
          nicolae_nh_ransacked_shop
D:8:      layout_loops_ring, lair_entry_dummy
D:9:      layout_cave_pools, nicolae_overflow_hidden_temple, orc_0_dummy,
          uniq_psyche
D:10:     layout_loops_ring, mainiacjoe_overflow_paths
Lair:1:   beast_lair_carwin_large_2, layout_loops_ring, serial_bayou_shore_b
Lair:2:   layout_hall_layers, swamp_mist_pool, gauntlet_entry_generic
Orc:1:    nicolae_orc_accident_2, layout_diamond_mine, uniq_gastronok,
          uniq_nergalle, uniq_fannar, uniq_josephine, uniq_erica

Skill      XL: |  1  2  3  4  5  6  7  8  9 10 11 |
---------------+----------------------------------+-----
Stealth        | 1 2 3 4 5 6 7 9 10 11 | 11.9
Dodging        | 1 2 3 4 5 |  5.3
Armour         | 2 3 4 5 |  5.6
Fighting       | 3 4 5 6 |  6.5
Short Blades   | 3 4 5 6 |  6.5
Spellcasting   | 2 4 6 7 |  7.2
Evocations     | 2 4 5 6 |  6.1
Shields        | 1 |  1.6

Action                     |  1- 3 |  4- 6 |  7- 9 | 10-12 || total
---------------------------+-------+-------+-------+-------++-------
  Melee: Short sword       |   134 |   167 |   351 |   785 ||  1437
         Bite              |    27 |    41 |   110 |   290 ||   468
         Kick              |     4 |    52 |   110 |    21 ||   187
         Punch             |       |     1 |     5 |     2 ||     8
  Evoke: Wand              |       |       |       |     2 ||     2
    Use: Scroll            |       |     3 |     8 |     4 ||    15
         Potion            |       |     1 |       |     3 ||     4
   Stab: Sleeping          |     3 |    12 |    12 |    17 ||    44
         Distracted        |       |       |     2 |       ||     2
         Confused          |       |       |     2 |     4 ||     6
 Armour: Leather armour    |    71 |    75 |    27 |   117 ||   290
         Acid dragon scale |       |       |   126 |   293 ||   419
  Dodge: Dodged            |   107 |    67 |   132 |   288 ||   594
  Block: Other             |       |    10 |    59 |    23 ||    92
         Reflection        |       |       |     1 |     1 ||     2
         Buckler           |       |       |       |   250 ||   250

Table legend: (Time is in decaauts)
 A = Elapsed time spent in this place.
 B = Non-inter-level travel time spent in this place.
 C = Inter-level travel time spent in this place.
 D = Time resting spent in this place.
 E = Time spent auto-exploring this place.
 F = Levels seen in this place.
 G = Mean time per level.
                   A        B        C        D        E       F      G
               +--------+--------+--------+--------+--------+-----+--------+
         Total |  10087 |   9790 |    297 |   2133 |   5094 |  14 |  720.5 |
       Dungeon |   9470 |   9175 |    295 |   2133 |   4795 |  10 |  947.0 |
          Lair |    150 |    150 |      0 |      0 |     94 |   2 |   75.0 |
  Orcish Mines |     30 |     30 |      0 |      0 |      0 |   1 |   30.0 |
        Bailey |    436 |    436 |      0 |      0 |    204 |   1 |  436.0 |
               +--------+--------+--------+--------+--------+-----+--------+

Top non-repeatable levels by time:
     D:1: 2350 daAuts
     D:9: 1342 daAuts
     D:6: 1044 daAuts
     D:4: 958 daAuts
    D:10: 840 daAuts
     D:8: 735 daAuts
     D:7: 660 daAuts
     D:3: 658 daAuts
     D:5: 440 daAuts
     D:2: 439 daAuts
  Bailey: 436 daAuts
  Lair:1: 126 daAuts
   Orc:1: 30 daAuts
  Lair:2: 24 daAuts
